AoeStats
← Caribe

Golden Pit

509139790Analyzed
1v1 RM · 7d ago on Sep 25, 2026· 43m 52s· 2 players
Game mode
Random Map
Map size
Tiny (2 player)
Population
200
Speed
Normal
Resources
Standard
Victory
Conquest
Starting age
Dark Age
Ending age
Imperial Age
RankedLock teamsTeams togetherTeam positionsShared explorationLock speedFull tech treeHidden civsTurbo modeCheats
Victory
Defeat
🇩🇪 Vikings · Germany
1232
+17
🇻🇪 Vietnamese · Venezuela
1249
-17
Mogler
6:54 Loom
9:39 Feudal Age
15:37 Castle Age
14:44 Double-Bit Axe
18:24 Fletching
19:15 Crossbowman
20:40 Bodkin Arrow
27:53 Scale Barding Armor
30:19 Town Watch
35:37 Imperial Age
33:28 Scale Mail Armor
33:33 Horse Collar
34:10 Forging
33:45 Elite Skirmisher
35:04 Chain Mail Armor
35:23 Padded Archer Armor
37:24 Plate Mail Armor
37:34 Iron Casting
38:22 Arson
40:27 Bracer
41:59 Chemistry
42:48 Leather Archer Armor
43:24 Ballistics
Caribe
6:56 Loom
10:03 Feudal Age
10:58 Double-Bit Axe
10:57 Horse Collar
21:43 Castle Age
19:38 Fletching
19:51 Padded Archer Armor
23:25 Elite Skirmisher
25:44 Bow Saw
29:34 Bodkin Arrow
36:56 Imperial Age
35:38 Leather Archer Armor
36:18 Forging
38:55 Wheelbarrow
42:00 Chemistry
43:36 Bloodlines
43:26 Husbandry
43:43 Scale Barding Armor
Connection lost

Rejoining the realm…

Still unreachable

The connection could not be restored.

Session expired

The server has moved on; the page needs a fresh start.